 Dungeon Crawl Stone Soup version 0.31-a0-846-gb3bcc0d938 (console) character file.

Game seed: 16323189871186121481

220996 jejorda2 the Cleaver (level 19, -8/152 HPs)
             Began as a Gnoll Berserker on Oct 2, 2023.
             Was a High Priest of Trog.
             Mangled by a +2 spectral lajatang (14 damage)
             ... created by Agnes
             ... on level 2 of the Elven Halls on Oct 3, 2023.
             The game lasted 01:59:08 (41791 turns).

jejorda2 the Cleaver (Gnoll Berserker)             Turns: 41791, Time: 01:59:08

Health: -8/152     AC: 29    Str: 25    XL:     19   Next: 19%
Magic:  35/35      EV: 15    Int: 12    God:    Trog [*****.]
Gold:   3224       SH:  0    Dex: 20    Spells: 43/43 levels left

rFire   + . .        a - +0 battleaxe (elec)
rCold   + . .        (shield currently unavailable)
rNeg    + + .        f - +3 plate armour {rC+}
rPois   +            q - +3 crown of Dyrovepreva {rElec Int+2 SInv}
rElec   +            I - +2 cloak
rCorr   +            d - +1 pair of gloves "Gockua Kestra" {rN++ rCorr Int+3 Dex+3}
SInv    +            H - +0 pair of boots
Will    +....        M - amulet of the acrobat
Stlth   +            u - ring of the Death Scarab {rF+ Dex+6}
HPRegen 0.45/turn    Q - ring of poison resistance
MPRegen 0.24/turn

%: acrobat, clarity
@: on berserk cooldown, slowed, very slow
A: fangs 1, strong nose, distributed training, clarity, electricity resistance
}: 1/15 runes: gossamer
a: Renounce Religion, Berserk, Trog's Hand, Brothers in Arms


You were on level 2 of the Elven Halls.
You worshipped Trog.
Trog was extremely pleased with you.
You visited 5 branches of the dungeon, and saw 28 of its levels.
You also visited: Sewer, Ossuary and Gauntlet.

You collected 4327 gold pieces.
You spent 1103 gold pieces at shops.

Inventory:

Hand Weapons
 a - a +0 battleaxe of electrocution (weapon)
 b - a +2 dire flail
Missiles
 m - 3 throwing nets
 r - 41 poisoned darts
 s - 13 javelins
 y - 8 silver javelins
 J - 6 curare-tipped darts
 W - 22 boomerangs (quivered)
Armour
 d - the +1 pair of gloves "Gockua Kestra" (worn) {rN++ rCorr Int+3 Dex+3}
   (You acquired it on level 13 of the Dungeon)

   Int+3:     It affects your intelligence (+3).
   Dex+3:     It affects your dexterity (+3).
   rN++:      It greatly protects you from negative energy.
   rCorr:     It protects you from acid and corrosion.
 f - a +3 plate armour of cold resistance (worn)
 q - the +3 crown of Dyrovepreva (worn) {rElec Int+2 SInv}
   (You found it on level 4 of the Spider Nest)

   Int+2:     It affects your intelligence (+2).
   rElec:     It insulates you from electricity.
   SInv:      It lets you see invisible.
 H - a +0 pair of boots (worn)
 I - a +2 cloak (worn)
 O - +0 ice dragon scales
Jewellery
 i - a ring of flight
 u - the ring of the Death Scarab (left hand) {rF+ Dex+6}
   (You found it in a Gauntlet)

   [ring of dexterity]

   Dex+6:     It affects your dexterity (+6).
   rF+:       It protects you from fire.
 w - a ring of ice
 M - an amulet of the acrobat (around neck)
 Q - a ring of poison resistance (right hand)
 X - a ring of positive energy
 Y - a ring of protection from fire
Wands
 h - a wand of mindburst (26)
 k - a wand of quicksilver (28)
 B - a wand of iceblast (19)
 D - a wand of charming (36)
 G - a wand of polymorph (6)
 N - a wand of flame (16)
 T - a wand of digging (3)
Scrolls
 j - 4 scrolls of fear
 n - a scroll of butterflies
 z - 3 scrolls of immolation
 C - 4 scrolls of blinking
 E - 3 scrolls of poison
 F - 9 scrolls of fog
 K - 5 scrolls of revelation
 R - 3 scrolls of silence
 S - 12 scrolls of teleportation
 Z - a scroll of torment
Potions
 c - 4 potions of invisibility
 e - 11 potions of curing
 g - 12 potions of heal wounds
 l - 3 potions of ambrosia
 p - 3 potions of attraction
 t - 8 potions of mutation
 v - 4 potions of haste
 x - 6 potions of might
 A - 4 potions of cancellation
 L - 4 potions of enlightenment
Miscellaneous
 P - a lightning rod (4/4)
 V - a box of beasts


   Skills:
 + Level 14.0 Fighting
 + Level 12.6 Short Blades
 + Level 12.6 Long Blades
 + Level 14.0 Axes
 + Level 12.6 Maces & Flails
 + Level 12.6 Polearms
 + Level 12.6 Staves
 + Level 12.6 Ranged Weapons
 + Level 12.6 Throwing
 + Level 13.3 Armour
 + Level 13.3 Dodging
 + Level 12.6 Stealth
 + Level 12.6 Shields
 + Level 12.6 Unarmed Combat
 + Level 12.6 Spellcasting
 + Level 10.6 Conjurations
 + Level 10.6 Hexes
 + Level 10.6 Summonings
 + Level 10.6 Necromancy
 + Level 10.6 Translocations
 + Level 10.6 Transmutations
 + Level 10.6 Fire Magic
 + Level 10.6 Ice Magic
 + Level 10.6 Air Magic
 + Level 10.6 Earth Magic
 + Level 10.6 Poison Magic
 + Level 13.6 Invocations
 + Level 12.6 Evocations
 + Level 11.6 Shapeshifting


You had 43 spell levels left.
You didn't know any spells.
Your spell library was empty.

Dungeon Overview and Level Annotations

Branches:
Dungeon (15/15)            Temple (0/1) D:5            Lair (5/5) D:11
  Swamp (0/4) Lair:3       Spider (4/4) Lair:2        Slime (0/5) Lair:5
    Orc (2/2) D:11            Elf (2/3) Orc:2        Vaults (0/5) D:14
 Depths (0/4) D:15          Sewer (visited)         Ossuary (visited)
Gauntlet (visited)

Altars:
Cheibriados
Dithmenos
Elyvilon
Qazlal
Wu Jian
Xom
Jiyva

Shops:
D:2 *![*   D:3 (   D:5 (   D:7 ?   D:14 *   Orc:2 *[([[   Elf:2 [*

Portals:
Abyss: Orc:1
Trove: D:12 (give +3 ice dragon scales)

Annotations:
Orc:1 2 transporters, Fesunton's ghost, journeyman TrGl
Elf:2 Agnes


Innate Abilities, Weirdness & Mutations

You have very sharp teeth.
Your uncanny sense of smell can sniff out nearby items.
Your experience applies equally to all skills.
You possess an exceptional clarity of mind.
You are resistant to electric shocks. (rElec)


Message History

You puncture Agnes!
Agnes is heavily wounded.
Agnes hits you with a +2 spectral lajatang.
The +2 spectral lajatang closely misses you.
You closely miss Agnes.
Agnes is heavily wounded.
Agnes asks, "Have you seen my kris anywhere?"
Agnes hits you but does no damage.
The +2 spectral lajatang hits you but does no damage.
You impale Agnes!!
Agnes is severely wounded.
Agnes hits you with a +2 spectral lajatang!
The +2 spectral lajatang hits you but does no damage.
You closely miss Agnes.
Agnes is severely wounded.
You are no longer berserk.
You are exhausted.
You feel yourself slow down.
You closely miss Agnes. Your bite misses Agnes.
Agnes is severely wounded.
Agnes hits you with a +2 spectral lajatang!!
The +2 spectral lajatang hits you but does no damage.
Agnes hits you with a +2 spectral lajatang!
* * * LOW HITPOINT WARNING * * *
The +2 spectral lajatang hits you but does no damage.
You hear the crackle of electricity.
a - a +0 battleaxe of electrocution (weapon)
Agnes misses you.
The +2 spectral lajatang hits you but does no damage.
You barely miss Agnes. Your bite misses Agnes.
Agnes is severely wounded.
You miss the +2 spectral lajatang. Agnes completely misses you.
The +2 spectral lajatang misses you.
Agnes hits you with a +2 spectral lajatang!!
* * * LOW HITPOINT WARNING * * *
The +2 spectral lajatang hits you but does no damage.
Agnes hits you with a +2 spectral lajatang!!
* * * LOW HITPOINT WARNING * * *
The +2 spectral lajatang hits you!
You die...

####### +.....#
#####.....#
..#..'.....#
####..#..####..#
#.(i7.#..)..#.##
#.@#######..#.#
#..'.....'..#.#
#############.#
#...#...# ###.#
#.<.##..###...#
##...#.......###
#.###)......##
##.#........##
##..#........###


You could see Agnes, a +2 spectral lajatang and a +3 dagger.

Vanquished Creatures
  7 emperor scorpions
  4 ghost moths
  Louise (Elf:1)
  A cacodemon (Gauntlet)
  An orc warlord (D:11)
  A stone giant (D:15)
  Nessos (D:13)
  3 spark wasps
  Azrael (Orc:2)
  2 ettins (Orc:1)
  A minotaur (Gauntlet)
  Josephine (Lair:3)
  A deep elf death mage (Elf:2)
  2 entropy weavers
  Erolcha (Orc:1)
  4 jorogumos
  2 hydras (Lair:5)
  An ogre mage (D:14)
  2 ghost crabs (Lair:3)
  A centaur warrior (D:14)
  2 radroaches
  3 catoblepae (Lair:5)
  6 dancing weapons
  6 two-headed ogres
  A death scarab (Spider:4)
  3 tengu warriors
  10 boulder beetles
  A death knight (D:15)
  10 demonic crawlers
  8 death yaks
  2 orc high priests (Orc:2)
  Nergalle (D:10)
  5 deep elf knights
  12 skeletal warriors
  The ghost of soul19 the Trooper, a novice DsFi of Qazlal (D:7)
  2 skysharks
  3 sun moths
  4 pharaoh ants
  A spectral hydra (Lair:3)
  4 orb spiders (Spider:4)
  17 deep elf pyromancers
  9 steelbarb worms
  5 deep elf zephyrmancers
  8 deep elf archers
  12 orc knights
  A necromancer (Gauntlet)
  11 wolf spiders
  6 cyclopes
  8 manticores
  7 orc sorcerers
  An oklob plant (Lair:4)
  17 ugly things
  Maurice (D:8)
  An ice statue (D:15)
  6 moths of wrath
  2 black mambas
  5 elephants
  6 torpor snails
  11 cane toads
  2 efreet
  An unseen horror (D:10)
  2 rime drakes
  A kobold demonologist (D:14)
  5 komodo dragons
  A queen bee (Gauntlet)
  A hellwing (D:14)
  9 meliai
  6 trolls
  Grinder (D:3)
  8 saltlings (Orc:2)
  18 tarantellas
  5 blink frogs
  A snapping turtle (shapeshifter) (Elf:1)
  4 dream sheep (Lair:5)
  25 jumping spiders
  A vampire (D:12)
  A shadow (D:13)
  A wyvern (Lair:4)
  17 culicivoras
  8 wraiths
  3 water elementals
  70 yaks
  8 fire elementals
  A basilisk (Lair:2)
  A spectral komodo dragon (Lair:3)
  A steam dragon (D:8)
  3 vampire mosquitoes (D:14)
  A neqoxec (Gauntlet)
  30 redbacks
  2 acid dragons
  3 wargs
  2 hell hounds (Orc:2)
  Pargi (D:3)
  20 water moccasins
  2 ice beasts (D:5)
  2 sky beasts
  3 black bears
  25 orc warriors
  12 ogres
  A tengu (shapeshifter) (D:13)
  6 wolves
  12 centaurs
  A spectral rime drake (Lair:3)
  A phantom (D:6)
  5 kobold brigands
  6 bullfrogs
  5 scorpions
  2 gnoll sergeants
  2 earth elementals (Elf:2)
  11 killer bees
  2 electric eels (D:13)
  4 howler monkeys
  7 hounds
  3 jellies
  A quasit (D:14)
  2 gnoll boudas
  6 orc priests
  An iron imp (D:14)
  2 sleepcaps
  Jessica (D:2)
  An iguana (D:6)
  Natasha (thrice) (D:3)
  15 orc wizards
  Terence (D:2)
  A mummy (Ossuary)
  4 adders
  19 gnolls
  A river rat (D:4)
  2 shadow imps (D:5)
  A white imp (D:5)
  An ufetubus (D:5)
  4 worms
  2 dart slugs
  42 orcs
  7 bats
  3 endoplasms
  7 giant cockroaches
  5 goblins
  6 hobgoblins
  5 jackals
  2 quokkas
  7 ball pythons
  A frilled lizard (D:3)
  6 gnoll skeletons (Ossuary)
  41 kobolds
  7 kobold skeletons (Ossuary)
  12 orc skeletons (Ossuary)
  9 rats
861 creatures vanquished.

Vanquished Creatures (collateral kills)
  6 death yaks (Lair:5)
  A sun moth (Spider:4)
  An orb spider (Spider:4)
  A steelbarb worm (Spider:4)
  A black mamba (Lair:5)
  A rime drake (Lair:1)
  4 blink frogs (Lair:1)
  A jumping spider (Spider:4)
  A redback (Spider:4)
  3 water moccasins
20 creatures vanquished.

Vanquished Creatures (others)
  A wizard (D:14)
  3 deep elf zephyrmancers
  A deep elf pyromancer (Elf:1)
  A golden eye (shapeshifter) (Elf:1)
  An orc warrior (Orc:2)
  2 orcs
9 creatures vanquished.

Grand Total: 890 creatures vanquished

Notes
Turn   | Place    | Note
-------+----------+-------------------------------------------
     0 | D:1      | jejorda2 the Gnoll Berserker began the quest for the Orb.
     0 | D:1      | Reached XP level 1. HP: 23/23 MP: 1/1
   250 | D:1      | Reached XP level 2. HP: 28/29 MP: 2/2
   781 | D:2      | Reached XP level 3. HP: 34/35 MP: 3/3
   814 | D:2      | Noticed Jessica
   828 | D:2      | Killed Jessica
   829 | D:2      | Reached skill level 1 in Short Blades
   829 | D:2      | Reached skill level 1 in Long Blades
   829 | D:2      | Reached skill level 1 in Maces & Flails
   829 | D:2      | Reached skill level 1 in Polearms
   829 | D:2      | Reached skill level 1 in Staves
   829 | D:2      | Reached skill level 1 in Ranged Weapons
   829 | D:2      | Reached skill level 1 in Throwing
   829 | D:2      | Reached skill level 1 in Stealth
   829 | D:2      | Reached skill level 1 in Shields
   829 | D:2      | Reached skill level 1 in Unarmed Combat
   829 | D:2      | Reached skill level 1 in Spellcasting
   829 | D:2      | Reached skill level 1 in Invocations
   829 | D:2      | Reached skill level 1 in Evocations
   881 | D:2      | Found Noranis's Distillery.
   906 | D:2      | Reached XP level 4. HP: 41/41 MP: 5/5
   907 | D:2      | Noticed Terence
   915 | D:2      | Reached skill level 1 in Shapeshifting
   915 | D:2      | Killed Terence
   916 | D:2      | Reached skill level 1 in Conjurations
   916 | D:2      | Reached skill level 1 in Hexes
   916 | D:2      | Reached skill level 1 in Summonings
   916 | D:2      | Reached skill level 1 in Necromancy
   916 | D:2      | Reached skill level 1 in Translocations
   916 | D:2      | Reached skill level 1 in Transmutations
   916 | D:2      | Reached skill level 1 in Fire Magic
   916 | D:2      | Reached skill level 1 in Ice Magic
   916 | D:2      | Reached skill level 1 in Air Magic
   916 | D:2      | Reached skill level 1 in Earth Magic
   916 | D:2      | Reached skill level 1 in Poison Magic
   984 | D:2      | Reached ** piety under Trog
  1064 | D:2      | Found Boeboq's Armour Emporium.
  1071 | D:2      | Identified the +10 trident of Netupun {heavy, Str+2}
  1147 | D:2      | Found Nires's General Store.
  1233 | D:2      | Found Xuusoedu's Assorted Antiques.
  1268 | D:2      | Bought a scroll labelled UPUINI HITZU for 27 gold pieces
  1298 | D:3      | Noticed Pargi
  1302 | D:3      | Killed Pargi
  1303 | D:3      | Reached XP level 5. HP: 47/47 MP: 5/7
  1414 | D:3      | Noticed Natasha
  1423 | D:3      | Killed Natasha
  1424 | D:3      | Reached XP level 6. HP: 53/53 MP: 6/8
  1491 | D:2      | Bought a bubbling amethyst potion for 24 gold pieces
  1491 | D:2      | Bought a clear potion for 24 gold pieces
  1604 | D:3      | Found Soda's Weapon Emporium.
  1614 | D:3      | Noticed Natasha
  1621 | D:3      | Killed Natasha
  1689 | D:3      | Noticed Grinder
  1694 | D:3      | Killed Grinder
  1695 | D:3      | Reached skill level 5 in Armour
  1695 | D:3      | Reached skill level 5 in Dodging
  1695 | D:3      | Reached XP level 7. HP: 58/60 MP: 7/10
  1800 | D:3      | Noticed Natasha
  1804 | D:3      | Killed Natasha
  2118 | D:4      | Found a glowing drain.
  2153 | Sewer    | Entered a sewer
  2634 | D:4      | Found a shadowy altar of Dithmenos.
  2933 | D:5      | Entered Level 5 of the Dungeon
  2986 | D:5      | Reached *** piety under Trog
  2989 | D:5      | Reached XP level 8. HP: 53/67 MP: 9/12
  2994 | D:5      | Found a staircase to the Ecumenical Temple.
  3076 | D:5      | Found a sand-covered staircase.
  3083 | Ossuary  | Entered an ossuary
  3083 | Ossuary  | Noticed a wraith
  3083 | Ossuary  | Noticed a wraith
  3083 | Ossuary  | Noticed a wraith
  3127 | Ossuary  | Noticed a wraith
  3133 | Ossuary  | Killed a wraith
  3403 | D:5      | Found Gealioz's Weapon Emporium.
  3600 | D:5      | Reached **** piety under Trog
  4310 | D:6      | Found an ornate altar of the Wu Jian Council.
  4359 | D:6      | Reached XP level 9. HP: 67/73 MP: 12/14
  4952 | D:7      | Found Fuiguc's Magic Scroll Shop.
  4964 | D:7      | Bought a scroll of poison for 64 gold pieces
  4964 | D:7      | Bought a scroll of fog for 64 gold pieces
  5249 | D:7      | Found a large runed translucent door.
  5250 | D:7      | Found a large runed translucent door.
  5251 | D:7      | Noticed soul19's ghost (novice DsFi)
  5509 | D:7      | Killed soul19's ghost
  5510 | D:7      | Reached skill level 5 in Invocations
  5800 | D:8      | Noticed Maurice
  5808 | D:8      | Something stole a +0 war axe of venom
  5811 | D:8      | Killed Maurice
  5812 | D:8      | Reached skill level 5 in Short Blades
  5812 | D:8      | Reached skill level 5 in Long Blades
  5812 | D:8      | Reached skill level 5 in Maces & Flails
  5812 | D:8      | Reached skill level 5 in Polearms
  5812 | D:8      | Reached skill level 5 in Staves
  5812 | D:8      | Reached skill level 5 in Ranged Weapons
  5812 | D:8      | Reached skill level 5 in Throwing
  5812 | D:8      | Reached skill level 5 in Stealth
  5812 | D:8      | Reached skill level 5 in Shields
  5812 | D:8      | Reached skill level 5 in Unarmed Combat
  5812 | D:8      | Reached skill level 5 in Spellcasting
  5812 | D:8      | Reached skill level 5 in Evocations
  5812 | D:8      | Reached XP level 10. HP: 81/81 MP: 14/17
  6300 | D:8      | Reached skill level 5 in Shapeshifting
  6465 | D:9      | Noticed a tengu warrior
  6482 | D:9      | Killed a tengu warrior
  6772 | D:9      | Reached XP level 11. HP: 87/87 MP: 19/19
  6956 | D:9      | Found a stormy altar of Qazlal.
  7169 | D:10     | Entered Level 10 of the Dungeon
  7177 | D:10     | Reached skill level 5 in Conjurations
  7177 | D:10     | Reached skill level 5 in Hexes
  7177 | D:10     | Reached skill level 5 in Summonings
  7177 | D:10     | Reached skill level 5 in Necromancy
  7177 | D:10     | Reached skill level 5 in Translocations
  7177 | D:10     | Reached skill level 5 in Transmutations
  7177 | D:10     | Reached skill level 5 in Fire Magic
  7177 | D:10     | Reached skill level 5 in Ice Magic
  7177 | D:10     | Reached skill level 5 in Air Magic
  7177 | D:10     | Reached skill level 5 in Earth Magic
  7177 | D:10     | Reached skill level 5 in Poison Magic
  7781 | D:10     | Noticed Nergalle
  7802 | D:10     | Killed Nergalle
  8061 | D:10     | Found a shimmering altar of Xom.
  8278 | D:11     | Noticed a cyclops
  8282 | D:11     | Killed a cyclops
  8491 | D:11     | Found a staircase to the Lair.
  8491 | D:11     | Noticed a death yak
  8492 | D:11     | Noticed a two-headed ogre
  8507 | D:11     | Killed a death yak
  8523 | D:11     | Killed a two-headed ogre
  8567 | D:11     | Found a staircase to the Orcish Mines.
  8689 | D:11     | Noticed a boulder beetle
  8701 | D:11     | Killed a boulder beetle
  8805 | D:11     | Noticed a two-headed ogre
  8810 | D:11     | Killed a two-headed ogre
  8892 | D:11     | Reached XP level 12. HP: 91/97 MP: 20/22
  9151 | Lair:1   | Entered Level 1 of the Lair of Beasts
  9154 | Lair:1   | Found a gate leading to a gauntlet.
  9188 | Gauntlet | Entered a Gauntlet
  9188 | Gauntlet | Found a transporter.
  9188 | Gauntlet | Found a transporter.
  9346 | Gauntlet | Found a transporter.
  9349 | Gauntlet | Found a transporter.
  9349 | Gauntlet | Found a transporter.
  9349 | Gauntlet | Found a transporter.
  9361 | Gauntlet | Found a transporter.
  9363 | Gauntlet | Found a transporter.
  9365 | Gauntlet | Noticed a thrashing horror
  9368 | Gauntlet | Noticed a thrashing horror
  9373 | Gauntlet | Found a transporter.
  9373 | Gauntlet | Noticed a cacodemon
  9474 | Gauntlet | Found a transporter.
  9478 | Gauntlet | Found a transporter.
  9488 | Gauntlet | Found a transporter.
  9609 | Gauntlet | Reached skill level 10 in Fighting
  9609 | Gauntlet | Reached skill level 10 in Axes
  9719 | Gauntlet | Identified the +4 rapier of the Ass {venom, Fly rF+ Stlth+}
  9748 | Gauntlet | Gained mutation: You are agile. (Dex +4, Str/Int -1) [a
                  | cacodemon]
  9751 | Gauntlet | Gained mutation: Your body sometimes deteriorates upon
                  | taking damage. [a cacodemon]
  9752 | Gauntlet | Killed a cacodemon
  9753 | Gauntlet | Lost mutation: Your body sometimes deteriorates upon taking
                  | damage. [potion of mutation]
  9753 | Gauntlet | Lost mutation: You are agile. (Dex +4, Str/Int -1) [potion
                  | of mutation]
  9753 | Gauntlet | Gained mutation: Your spells are a little easier to cast,
                  | but a little less powerful. [potion of mutation]
  9753 | Gauntlet | Gained mutation: You have a pair of small horns on your
                  | head. [potion of mutation]
  9753 | Gauntlet | Gained mutation: You possess an exceptional clarity of
                  | mind. [potion of mutation]
  9757 | Gauntlet | Identified the ring of the Death Scarab {rF+ Dex+6}
  9876 | Gauntlet | Lost mutation: You have a pair of small horns on your head.
                  | [potion of mutation]
  9876 | Gauntlet | Lost mutation: Your spells are a little easier to cast, but
                  | a little less powerful. [potion of mutation]
  9876 | Gauntlet | Gained mutation: You are resistant to electric shocks.
                  | (rElec) [potion of mutation]
  9896 | Gauntlet | Noticed a minotaur
  9908 | Gauntlet | Killed a minotaur
 10231 | D:2      | Bought a +3 plate armour of cold resistance for 630 gold
                  | pieces
 10866 | Lair:1   | Found a snail-covered altar of Cheibriados.
 12473 | Lair:2   | Noticed a boulder beetle
 12484 | Lair:2   | Reached XP level 13. HP: 104/104 MP: 22/24
 12538 | Lair:2   | Found a hole to the Spider Nest.
 13160 | Lair:3   | Noticed Josephine
 13171 | Lair:3   | Killed Josephine
 13612 | Lair:3   | Found a staircase to the Swamp.
 15193 | Lair:4   | Found a white marble altar of Elyvilon.
 15369 | Lair:4   | Reached skill level 10 in Armour
 15369 | Lair:4   | Reached skill level 10 in Dodging
 15889 | Lair:5   | Entered Level 5 of the Lair of Beasts
 16121 | Lair:5   | Reached XP level 14. HP: 113/113 MP: 17/27
 16134 | Lair:5   | Reached skill level 10 in Invocations
 16700 | Lair:5   | Found a staircase to the Slime Pits.
 16704 | Lair:5   | Found a viscous altar of Jiyva.
 18902 | D:12     | Found a portal to a secret trove of treasure.
 19622 | D:13     | Reached XP level 15. HP: 120/120 MP: 28/28
 19726 | D:13     | Noticed Nessos
 19740 | D:13     | Killed Nessos
 20004 | D:13     | Identified a scroll of acquirement
 20014 | D:13     | Acquired the +1 pair of gloves "Gockua Kestra" {rN++ rCorr
                  | Int+3 Dex+3}
 20178 | D:13     | Reached skill level 10 in Short Blades
 20178 | D:13     | Reached skill level 10 in Long Blades
 20178 | D:13     | Reached skill level 10 in Maces & Flails
 20178 | D:13     | Reached skill level 10 in Polearms
 20178 | D:13     | Reached skill level 10 in Staves
 20178 | D:13     | Reached skill level 10 in Ranged Weapons
 20178 | D:13     | Reached skill level 10 in Throwing
 20178 | D:13     | Reached skill level 10 in Stealth
 20178 | D:13     | Reached skill level 10 in Shields
 20178 | D:13     | Reached skill level 10 in Unarmed Combat
 20178 | D:13     | Reached skill level 10 in Spellcasting
 20178 | D:13     | Reached skill level 10 in Evocations
 21084 | D:14     | Found a gate to the Vaults.
 21146 | D:14     | Paralysed by an ogre mage for 4 turns
 21982 | D:14     | Found Zeopt's Assorted Antiques.
 22130 | D:14     | Found an ornate altar of the Wu Jian Council.
 22392 | D:15     | Entered Level 15 of the Dungeon
 24025 | D:15     | Identified the +7 quarterstaff "Imemoz" {drain, *Corrode
                  | rF+ Str+5}
 24258 | D:15     | Found a staircase to the Depths.
 24709 | Orc:1    | Entered Level 1 of the Orcish Mines
 24829 | Orc:1    | Noticed an orc warlord
 24892 | D:11     | Killed an orc warlord
 25099 | Orc:1    | Found a transporter.
 25103 | Orc:1    | Found a one-way gate to the infinite horrors of the Abyss.
 25103 | Orc:1    | Noticed Fesunton's ghost (journeyman TrGl)
 25105 | Orc:1    | Found a transporter.
 25192 | Orc:1    | Noticed Erolcha
 25198 | Orc:1    | Killed Erolcha
 25372 | Orc:1    | Reached XP level 16. HP: 129/129 MP: 28/30
 25821 | Orc:2    | Entered Level 2 of the Orcish Mines
 26062 | Orc:2    | Found Heucuemp's Armour Emporium.
 26108 | Orc:2    | Paralysed by an orc sorcerer for 5 turns
 26342 | Orc:2    | Reached skill level 10 in Shapeshifting
 26423 | Orc:2    | Reached ***** piety under Trog
 26661 | Orc:2    | Found Mapeunkux's Antique Armour Shoppe.
 26801 | Orc:2    | Found Haeh's General Store.
 27039 | Orc:2    | Found Wurghatt's Antique Armour Boutique.
 27153 | Orc:2    | Noticed Azrael
 27164 | Orc:2    | Killed Azrael
 27297 | Orc:2    | Found a staircase to the Elven Halls.
 27472 | Orc:2    | Found Elerresch's Antique Weapon Shoppe.
 27666 | Spider:1 | Entered Level 1 of the Spider Nest
 30226 | Spider:1 | Upgraded the game from 0.31-a0-845-g9abc20d24f to
                  | 0.31-a0-846-gb3bcc0d938
 30886 | Spider:2 | Received a gift from Trog
 31094 | D:14     | Bought a masterwork morningstar for 270 gold pieces
 31094 | D:14     | Identified the +7 morningstar of Cheibriados's Esteem
                  | {pain, Int+4} (You bought it in a shop on level 14 of the
                  | Dungeon)
 32759 | Spider:2 | Reached XP level 17. HP: 123/136 MP: 25/32
 35039 | Spider:4 | Entered Level 4 of the Spider Nest
 35115 | Spider:4 | Reached skill level 10 in Conjurations
 35115 | Spider:4 | Reached skill level 10 in Hexes
 35115 | Spider:4 | Reached skill level 10 in Summonings
 35115 | Spider:4 | Reached skill level 10 in Necromancy
 35115 | Spider:4 | Reached skill level 10 in Translocations
 35115 | Spider:4 | Reached skill level 10 in Transmutations
 35115 | Spider:4 | Reached skill level 10 in Fire Magic
 35115 | Spider:4 | Reached skill level 10 in Ice Magic
 35115 | Spider:4 | Reached skill level 10 in Air Magic
 35115 | Spider:4 | Reached skill level 10 in Earth Magic
 35115 | Spider:4 | Reached skill level 10 in Poison Magic
 38062 | Spider:4 | Found the +3 crown of Dyrovepreva {rElec Int+2 SInv}
 38086 | Spider:4 | Got a gossamer rune of Zot
 38685 | Spider:4 | Reached XP level 18. HP: 145/145 MP: 34/34
 38852 | Elf:1    | Entered Level 1 of the Elven Halls
 39617 | Elf:1    | Noticed Louise
 39648 | Elf:1    | Killed Louise
 39896 | Elf:1    | Acquired 899 gold pieces
 39920 | Elf:1    | Reached XP level 19. HP: 137/151 MP: 35/35
 41075 | Elf:2    | Found Xezeny's Neck Hole.
 41126 | Elf:2    | Found Evaeki's Antique Armour Shop.
 41618 | Elf:2    | Identified the +1 robe "Coshow" {Regen+ rCorr Int-2 Dex+3}
 41767 | Elf:2    | Noticed Agnes
 41791 | Elf:2    | HP: 6/152 [Agnes/+2 spectral lajatang (20)]
 41791 | Elf:2    | Mangled by a +2 spectral lajatang

Illustrated notes

Levels and vault maps discovered:
D:1:      dpeg_arrival_radiant, layout_loops_ring
D:2:      layout_rooms, serial_shops, nicolae_shop_tiny_statue_garden,
          nicolae_shop_trees, shop, nicolae_diamond_shop, minmay_circle_x,
          uniq_jessica, uniq_terence
D:3:      layout_loops_ring, serial_shops, nicolae_shop_bloodbath_and_beyond,
          lexackson_kobold_supper, uniq_pargi, uniq_grinder, uniq_natasha
D:4:      layout_basic, nicolae_dithmenos_the_darkroom, portal_sewer_entry_a
D:5:      kennysheep_kobold_camp, layout_loops_cross,
          minmay_temple_entry_mini_moons, chequers_ossuary_entry_cave,
          serial_shops, shop, dk_noncrumbling_3
D:6:      layout_loops_cross, mainiacjoe_overflow_paths
D:7:      layout_gridville, serial_shops, nicolae_shop_tiny_waterfront,
          ebering_ghost_disaster_area
D:8:      layout_rooms, uniq_maurice
D:9:      layout_roguey, mainiacjoe_overflow_cross_hatched
D:10:     layout_stronghold, lemuel_crystal_altar, nrook_pool_corridor,
          uniq_nergalle
D:11:     layout_roguey, david_lair_generic, orc_0_dummy
D:12:     layout_roguey, enter_trove_6
D:13:     layout_basic, st_stairs_14, uniq_nessos
D:14:     kennysheep_demon_hangout, layout_stronghold,
          hangedman_vaults_entry_quadrant_bands, serial_shops,
          nicolae_stop_n_shop_2, nzn_wu_jian_contemplation, serial_bayou_pond_e,
          grunt_decor_clamped, kennysheep_generic_room_7
D:15:     grunt_enter_depths_snipers, layout_loops_corners,
          nicolae_figureground_pulse, minivault_15
Lair:1:   layout_regular_city, gauntlet_entry_generic, st_stairs_5,
          lemuel_centaur_altar
Lair:2:   layout_regular_city, nicolae_spider_entry_non_spiders
Lair:3:   layout_loops_ring, nicolae_swamp_entry_spooky, uniq_josephine
Lair:4:   layout_cellular_growth, lemuel_oklob_altar
Lair:5:   evilmike_catoblepas_cave, layout_cave_shapes, slime_entry_1,
          serial_bayou_shore_b
Spider:1: layout_chambers
Spider:2: layout_spider_delve, guppyfry_spider_mini_2
Spider:3: layout_spider_delve, hangedman_spider_tarantella_strand
Spider:4: grunt_spider_rune_island
Orc:1:    layout_caves, basic_altar, serial_shops,
          gammafunk_ghost_abyssal_escape, nicolae_orc_damp_corner, uniq_erolcha
Orc:2:    hellmonk_orc_salted, layout_diamond_mine, basic_altar, serial_shops,
          nicolae_shop_scrapyard, uniq_azrael
Elf:1:    minmay_elf_arrival_circle, layout_loops_cross, evilmike_minifort,
          uniq_louise
Elf:2:    nicolae_elf_blades_splatter_lattice [nicolae_blade_little_rooms],
          layout_loops_cross, serial_shops, nicolae_square_shop,
          nicolae_shop_sticking_my_neck_out, uniq_agnes

Skill      XL: |  1  2  3  4  5  6  7  8  9 10 11 12 13 14 15 16 17 18 19 |
---------------+----------------------------------------------------------+-----
Short Blades   | 1 2 3 5 7 9 10 11 12 | 12.6
Long Blades    | 1 2 3 5 7 9 10 11 12 | 12.6
Maces & Flails | 1 2 3 5 7 9 10 11 12 | 12.6
Polearms       | 1 2 3 5 7 9 10 11 12 | 12.6
Staves         | 1 2 3 5 7 9 10 11 12 | 12.6
Ranged Weapons | 1 2 3 5 7 9 10 11 12 | 12.6
Throwing       | 1 2 3 5 7 9 10 11 12 | 12.6
Stealth        | 1 2 3 5 7 9 10 11 12 | 12.6
Shields        | 1 2 3 5 7 9 10 11 12 | 12.6
Unarmed Combat | 1 2 3 5 7 9 10 11 12 | 12.6
Spellcasting   | 1 2 3 5 7 9 10 11 12 | 12.6
Invocations    | 1 2 3 4 5 6 7 8 9 10 11 12 13 | 13.6
Evocations     | 1 2 3 5 7 9 10 11 12 | 12.6
Shapeshifting  | 1 2 3 4 5 6 7 8 9 10 11 | 11.6
Conjurations   | 1 2 3 4 5 6 7 8 9 10 | 10.6
Hexes          | 1 2 3 4 5 6 7 8 9 10 | 10.6
Summonings     | 1 2 3 4 5 6 7 8 9 10 | 10.6
Necromancy     | 1 2 3 4 5 6 7 8 9 10 | 10.6
Translocations | 1 2 3 4 5 6 7 8 9 10 | 10.6
Transmutations | 1 2 3 4 5 6 7 8 9 10 | 10.6
Fire Magic     | 1 2 3 4 5 6 7 8 9 10 | 10.6
Ice Magic      | 1 2 3 4 5 6 7 8 9 10 | 10.6
Air Magic      | 1 2 3 4 5 6 7 8 9 10 | 10.6
Earth Magic    | 1 2 3 4 5 6 7 8 9 10 | 10.6
Poison Magic   | 1 2 3 4 5 6 7 8 9 10 | 10.6
Fighting       | 7 8 9 10 11 12 13 14 | 14.0
Axes           | 7 8 9 10 11 12 13 14 | 14.0
Armour         | 5 6 7 8 9 10 11 12 13 | 13.3
Dodging        | 5 6 7 8 9 10 11 12 13 | 13.3

Action                     |  1- 3 |  4- 6 |  7- 9 | 10-12 | 13-15 | 16-18 | 19-21 || total
---------------------------+-------+-------+-------+-------+-------+-------+-------++-------
  Melee: Hand axe          |    50 |       |       |       |       |       |       ||    50
         Bite              |     3 |     3 |    21 |    47 |   138 |   216 |    32 ||   460
         War axe           |    12 |    21 |    11 |       |       |       |       ||    44
         Punch             |     1 |       |     2 |     2 |     1 |       |       ||     6
         Trident           |       |    32 |   275 |    47 |    11 |       |       ||   365
         Unarmed           |       |       |     1 |       |       |       |       ||     1
         Battleaxe         |       |       |       |   367 |   913 |   826 |    12 ||  2118
         Dire flail        |       |       |       |       |       |   476 |   203 ||   679
  Throw: Dart              |       |       |       |    34 |    60 |   249 |       ||   343
         Throwing net      |       |       |       |     3 |       |       |       ||     3
         Javelin           |       |       |       |       |    30 |     9 |       ||    39
         Boomerang         |       |       |       |       |     5 |     5 |     1 ||    11
 Invoke: Berserk           |     1 |     2 |     4 |    12 |    28 |    25 |     3 ||    75
         Trog's Hand       |       |     1 |       |     5 |    11 |     7 |       ||    24
         Brothers in Arms  |       |       |       |     1 |     2 |     3 |       ||     6
  Evoke: Wand              |       |       |       |     2 |     7 |     3 |       ||    12
         Lightning rod     |       |       |       |       |       |     8 |       ||     8
         Box of beasts     |       |       |       |       |       |     1 |       ||     1
    Use: Scroll            |       |       |    23 |     7 |     6 |     6 |       ||    42
         Potion            |       |       |     1 |     2 |     3 |     3 |       ||     9
   Stab: Distracted        |       |       |     1 |       |       |       |       ||     1
         Held in net/web   |       |       |       |     1 |       |       |       ||     1
 Armour: Ring mail         |    23 |       |       |       |       |       |       ||    23
         Animal skin       |     1 |       |       |       |       |       |       ||     1
         Chain mail        |     7 |    26 |   173 |       |       |       |       ||   206
         Plate armour      |       |       |    12 |   199 |   923 |  1643 |   144 ||  2921
         Scale mail        |       |       |       |   245 |       |       |       ||   245
  Dodge: Dodged            |    38 |    49 |   306 |   517 |   754 |  1155 |    95 ||  2914

Table legend: (Time is in decaauts)
 A = Elapsed time spent in this place.
 B = Non-inter-level travel time spent in this place.
 C = Inter-level travel time spent in this place.
 D = Time resting spent in this place.
 E = Time spent auto-exploring this place.
 F = Levels seen in this place.
 G = Mean time per level.
                   A        B        C        D        E       F      G
               +--------+--------+--------+--------+--------+-----+--------+
         Total |  42784 |  39385 |   3399 |   9414 |  22493 |  31 | 1380.1 |
       Dungeon |  17279 |  15453 |   1826 |   2169 |  10358 |  15 | 1151.9 |
          Lair |   7616 |   6853 |    763 |   1255 |   4426 |   5 | 1523.2 |
   Spider Nest |  10779 |  10195 |    584 |   4400 |   4070 |   4 | 2694.8 |
  Orcish Mines |   2817 |   2697 |    120 |    665 |   1427 |   2 | 1408.5 |
   Elven Halls |   2868 |   2764 |    104 |    640 |   1496 |   2 | 1434.0 |
         Sewer |    311 |    311 |      0 |      0 |    242 |   1 |  311.0 |
       Ossuary |    233 |    233 |      0 |      0 |    115 |   1 |  233.0 |
      Gauntlet |    878 |    878 |      0 |    283 |    358 |   1 |  878.0 |
               +--------+--------+--------+--------+--------+-----+--------+

Top non-repeatable levels by time:
Spider:4: 3271 daAuts
Spider:1: 3072 daAuts
Spider:2: 2504 daAuts
    D:15: 2337 daAuts
   Elf:1: 2120 daAuts
Spider:3: 1932 daAuts
   Orc:2: 1811 daAuts
  Lair:4: 1772 daAuts
    D:13: 1706 daAuts
  Lair:2: 1601 daAuts
    D:11: 1576 daAuts
  Lair:3: 1554 daAuts
  Lair:5: 1529 daAuts
     D:5: 1422 daAuts
    D:14: 1407 daAuts
